 Dungeon Crawl Stone Soup version 0.31.0-12-g77e489cdc1 (webtiles) character file.

Game seed: 10649773753206198366

5 sking99 the Gusty (level 1, 0/13 HPs)
             Began as a Gnoll Air Elementalist on Feb 21, 2024.
             Slain by an adder (4 damage)
             ... on level 2 of the Dungeon.
             The game lasted 00:01:08 (217 turns).

sking99 the Gusty (Gnoll Air Elementalist)           Turns: 217, Time: 00:01:09

Health: 0/13       AC:  2    Str:  7    XL:     1   Next: 80%
Magic:  3/6        EV: 13    Int: 14    God:
Gold:   5          SH:  0    Dex: 12    Spells: 8/9 levels left

rFire   . . .        (no weapon)
rCold   . . .        (no shield)
rNeg    . . .        a - +0 robe
rPois   .            (no helmet)
rElec   .            (no cloak)
rCorr   .            (no gloves)
SInv    .            (no boots)
Will    .....        (no amulet)
Stlth   ++           (no ring)
HPRegen 0.22/turn    (no ring)
MPRegen 0.10/turn

%: no passive effects
@: no status effects
A: fangs 1, strong nose, distributed training
a: no special abilities


You were on level 2 of the Dungeon.
You visited 1 branch of the dungeon, and saw 2 of its levels.

You collected 5 gold pieces.

Inventory:

Armour
 a - a +0 robe (worn)
Scrolls
 c - a scroll of identify {unknown}
Potions
 b - a potion of magic
 d - a potion of might {unknown}


   Skills:
 + Level 0.1 Fighting
 + Level 0.1 Short Blades
 + Level 0.1 Long Blades
 + Level 0.1 Axes
 + Level 0.1 Maces & Flails
 + Level 0.1 Polearms
 + Level 0.1 Staves
 + Level 0.1 Ranged Weapons
 + Level 0.1 Throwing
 + Level 0.1 Armour
 + Level 4.4 Dodging
 + Level 4.0 Stealth
 + Level 0.1 Shields
 + Level 0.1 Unarmed Combat
 + Level 4.9 Spellcasting
 + Level 2.0 Conjurations
 + Level 0.1 Hexes
 + Level 0.1 Summonings
 + Level 0.1 Necromancy
 + Level 0.1 Translocations
 + Level 0.1 Fire Magic
 + Level 0.1 Ice Magic
 + Level 5.3 Air Magic
 + Level 0.1 Earth Magic
 + Level 0.1 Alchemy
 + Level 0.2 Invocations
 + Level 0.1 Evocations
 + Level 0.1 Shapeshifting


You had 8 spell levels left.
You knew the following spells:

 Your Spells              Type           Power      Damage    Failure   Level
a - Shock                 Conj/Air       52%        1d6       4%          1

Your spell library contained the following spells:

 Spells                   Type           Power      Damage    Failure   Level
 Static Discharge         Conj/Air       26%        3-5/arc   6%          2
 Swiftness                Air            18%        N/A       6%          3
 Airstrike                Air            9%         2d(2-18)  21%         4


Dungeon Overview and Level Annotations

Branches:
Dungeon (1/15)

Altars:


Innate Abilities, Weirdness & Mutations

You have very sharp teeth.
Your uncanny sense of smell can sniff out nearby items.
Your experience applies equally to all skills.


Message History

You hit the adder but do no damage. Your bite misses the adder.
The adder barely misses you. The rat bites you but does no damage.
The adder bites you.
Casting: Shock (safe; 4% risk of failure)
Confirm with . or Enter, or press ? or * to list all spells.
Aiming: Shock (safe; 4% risk of failure)
Press: ? - help, Shift-Dir - straight line, f - rat
Aim: a rat (68% to hit)
Okay, then.
The adder attacks as it pursues you! The adder barely misses you.
The rat attacks as it pursues you! The rat bites you.
The rat twitches its whiskers.
The adder attacks as it pursues you! The adder misses you. The adder bites you.
* * * LOW HITPOINT WARNING * * *
Unknown command.
Casting: Shock (safe; 4% risk of failure)
Confirm with . or Enter, or press ? or * to list all spells.
Aiming: Shock (safe; 4% risk of failure)
Press: ? - help, Shift-Dir - straight line, f - adder
Aim: an adder (48% to hit)
The zap misses the adder.
The zap hits the rat.
You kill the rat!
The adder barely misses you.
Casting: Shock (safe; 4% risk of failure)
Confirm with . or Enter, or press ? or * to list all spells.
Aiming: Shock (safe; 4% risk of failure)
Press: ? - help, Shift-Dir - straight line, f/p - adder
Aim: an adder (48% to hit)
The zap hits the adder.
The adder is lightly wounded.
The adder barely misses you.
Casting: Shock (safe; 4% risk of failure)
Confirm with . or Enter, or press ? or * to list all spells.
Aiming: Shock (safe; 4% risk of failure)
Press: ? - help, Shift-Dir - straight line, f/p - adder
Aim: an adder (lightly wounded, 48% to hit)
The zap hits the adder.
The adder is heavily wounded.
The adder bites you.
You die...

############# ...##.......#
...##.......# ...##.......#
...##.......# .####.......#
########### ## #.......###
#.......[.### ###
#.........###.#######...# ≈#
#..........S@>.....†..#.#
#≈###.........###.#########'#
≈≈≈##.........# #.# #≈≈≈≈≈##
≈≈≈≈#.#####+..# #.####....≈#
≈≈≈≈#.#≈≈≈≈#### #....#....≈#
≈~≈≈#.#...≈# #.#.##....≈#
~~~≈#.#...≈# #.#..'######
~≈≈~..#...≈# #.#####
≈.≈~..#...≈# #.# ∆


You could see an adder.

Vanquished Creatures
  An endoplasm (D:2)
  A giant cockroach (D:2)
  A kobold (D:2)
  2 rats (D:2)
5 creatures vanquished.

Notes
Turn   | Place    | Note
-------+----------+-------------------------------------------
     0 | D:1      | sking99 the Gnoll Air Elementalist began the quest for the
                  | Orb.
     0 | D:1      | Reached XP level 1. HP: 13/13 MP: 6/6
     1 | D:1      | You fall into a shaft and drop 1 floor!
   217 | D:2      | Slain by an adder

Illustrated notes

Levels and vault maps discovered:
D:1:      saegor_arrival_miasma, layout_loops_ring, serial_shops,
          nicolae_shop_getting_attention,
          hellmonk_ecumenical_altar_defaced_shrine, dreamdust_princess_bridge
D:2:      layout_basic, serial_shops, nicolae_square_shop, serial_rivers,
          chequers_serial_rivers_large_a, chequers_serial_rivers_small_3,
          chequers_serial_rivers_room_a, chequers_serial_rivers_large_b,
          chequers_serial_rivers_micro_d, chequers_serial_rivers_room_a

Skill      XL: |  1 |
---------------+----+-----
Conjurations   | 2 |  2.0
Fighting       | |  0.1
Short Blades   | |  0.1
Long Blades    | |  0.1
Axes           | |  0.1
Maces & Flails | |  0.1
Polearms       | |  0.1
Staves         | |  0.1
Ranged Weapons | |  0.1
Throwing       | |  0.1
Armour         | |  0.1
Dodging        | |  4.4
Stealth        | |  4.0
Shields        | |  0.1
Unarmed Combat | |  0.1
Spellcasting   | |  4.9
Hexes          | |  0.1
Summonings     | |  0.1
Necromancy     | |  0.1
Translocations | |  0.1
Fire Magic     | |  0.1
Ice Magic      | |  0.1
Air Magic      | |  5.3
Earth Magic    | |  0.1
Alchemy        | |  0.1
Invocations    | |  0.2
Evocations     | |  0.1
Shapeshifting  | |  0.1

Action                     || total
---------------------------++-------
  Melee: Unarmed           ||     5
   Cast: Shock             ||    10
 Armour: Robe              ||     8
  Dodge: Dodged            ||    11
